 Dungeon Crawl Stone Soup version 0.25-a0-578-gc91f01c39c (webtiles) character file.

Game seed: 16686307265954612758, levelgen mode: deterministic

6692 Emblim88 the Blocker (level 11, -6/87 HPs)
             Began as a Gnoll Fighter on Mar 3, 2020.
             Was a Priest of Uskayaw.
             Mangled by an eight-headed hydra (9 damage)
             ... on level 1 of the Lair of Beasts.
             The game lasted 00:21:01 (11368 turns).

Emblim88 the Blocker (Gnoll Fighter)               Turns: 11368, Time: 00:21:02

Health: -6/87      AC: 12    Str: 22    XL:     11   Next: 3%
Magic:  28/28      EV: 14    Int: 10    God:    Uskayaw [***...]
Gold:   601        SH:  0    Dex: 15    Spells: 21/21 levels left

rFire    . . .     SeeInvis .   a - +2 morningstar (freeze) (curse)
rCold    + + .     Gourm    .   (no shield)
rNeg     . . .     Faith    .   K - +1 ring mail {rC+}
rPois    .         Spirit   .   (no helmet)
rElec    .         Reflect  .   v - +0 cloak
rCorr    .         Harm     .   k - +0 pair of gloves
MR       .....                  y - +0 pair of boots
Stlth    ++........             x - amulet of the acrobat
HPRegen  0.24/turn              o - ring of magical power
MPRegen  0.21/turn              C - ring of protection from cold

@: no status effects
A: distributed training, fangs 1, strong nose
a: Stomp, Line Pass, Renounce Religion


You were on level 1 of the Lair of Beasts.
You worshipped Uskayaw.
Uskayaw was noncommittal.
You were not hungry.

You visited 2 branches of the dungeon, and saw 11 of its levels.

You collected 601 gold pieces.

Inventory:

Hand Weapons
 a - a cursed +2 morningstar of freezing (weapon)
 z - a +2 short sword of freezing
 F - a +3 long sword
 H - a +4 halberd of venom
Missiles
 r - 57 poisoned darts (quivered)
 t - 8 boomerangs
 N - 3 silver javelins
Armour
 b - a +0 plate armour
 c - a +0 kite shield
 k - a +0 pair of gloves (worn)
 v - a +0 cloak (worn)
 y - a +0 pair of boots (worn)
 K - a +1 ring mail of cold resistance (worn)
Jewellery
 o - a ring of magical power (left hand)
 x - an amulet of the acrobat (around neck)
 C - a ring of protection from cold (right hand)
 I - an uncursed ring of positive energy {unknown}
Wands
 s - a wand of polymorph (10)
 u - a wand of clouds (2)
 A - a wand of flame (24)
 E - a wand of digging (14)
 G - a wand of iceblast (11)
 J - a wand of random effects (8)
Scrolls
 d - 2 scrolls of remove curse
 g - 3 scrolls of identify
 h - 3 scrolls of teleportation
 i - 3 scrolls of immolation
 j - 4 scrolls of enchant weapon
 B - 2 scrolls of magic mapping {unknown}
Potions
 e - a potion of brilliance
 l - 2 potions of curing
 m - a potion of magic {unknown}
 n - a potion of haste {unknown}
 p - a potion of heal wounds {unknown}
 q - 3 potions of lignification
 w - a potion of degeneration {unknown}
 D - a potion of berserk rage {unknown}
 L - a potion of cancellation {unknown}
 O - a potion of stabbing {unknown}
 P - 2 potions of invisibility {unknown}
Comestibles
 f - 17 rations


   Skills:
 + Level 8.8 Fighting
 + Level 5.7 Short Blades
 + Level 7.4 Long Blades
 + Level 5.7 Axes
 + Level 5.7 Maces & Flails
 + Level 5.7 Polearms
 + Level 5.7 Staves
 + Level 5.7 Slings
 + Level 5.7 Bows
 + Level 5.7 Crossbows
 + Level 5.7 Throwing
 + Level 8.8 Armour
 + Level 5.7 Dodging
 + Level 5.7 Stealth
 + Level 8.8 Shields
 + Level 5.7 Unarmed Combat
 + Level 5.7 Spellcasting
 + Level 4.7 Conjurations
 + Level 4.7 Hexes
 + Level 4.7 Charms
 + Level 4.7 Summonings
 + Level 4.7 Necromancy
 + Level 4.7 Translocations
 + Level 4.7 Transmutations
 + Level 4.7 Fire Magic
 + Level 4.7 Ice Magic
 + Level 4.7 Air Magic
 + Level 4.7 Earth Magic
 + Level 4.7 Poison Magic
 + Level 6.3 Invocations
 + Level 5.7 Evocations


You had 21 spell levels left.
You didn't know any spells.
Your spell library contained the following spells:

 Spells                   Type           Power        Failure   Level  Hunger
 Sting                    Tmut/Pois      ##..         4%          1    None
 Poisonous Vapours        Pois/Air       ##....       7%          2    ##.....
 Conjure Flame            Conj/Fire      ##......     13%         3    ###....
 Ignite Poison            Fire/Tmut/Pois ##......     13%         3    ###....
 Mephitic Cloud           Conj/Pois/Air  ##......     13%         3    ###....
 Olgreb's Toxic Radiance  Pois           ##......     41%         4    ####...
 Freezing Cloud           Conj/Ice/Air   ##........   100%        6    #######
 Ring of Flames           Chrm/Fire      ##........   100%        7    #######


Dungeon Overview and Level Annotations

Branches:
Dungeon (10/15)            Temple (0/1) D:5            Lair (1/6) D:9
    Orc: D:9-12

Altars:
Ashenzari
Cheibriados
Dithmenos
Elyvilon
Nemelex Xobeh
Sif Muna
Uskayaw
Wu Jian
Yredelemnul

Shops:
D:5 [   D:8 (

Annotations:
D:5 1 runed translucent door
D:8 Erica


Innate Abilities, Weirdness & Mutations

Your experience applies equally to all skills.
You have very sharp teeth.
Your uncanny sense of smell can sniff out nearby items.


Message History

Really wield
a - a cursed +2 morningstar of freezing?
Your +4 halberd of venom stops dripping with poison.
Your cursed +2 morningstar of freezing glows with a cold blue light!
It sticks to your hand!
a - a cursed +2 morningstar of freezing (weapon)
The helpless eight-headed hydra fails to defend itself.
You hit the eight-headed hydra. You freeze the eight-headed hydra.
The eight-headed hydra is moderately wounded.
The spiny frog is no longer paralysed.
The eight-headed hydra is no longer paralysed.
The spiny frog misses you. The eight-headed hydra bites you!
* * * LOW HITPOINT WARNING * * *
The eight-headed hydra bites you but does no damage.
The eight-headed hydra misses you. The eight-headed hydra bites you!
* * * LOW HITPOINT WARNING * * *
The eight-headed hydra bites you!
* * * LOW HITPOINT WARNING * * *
The eight-headed hydra bites you but does no damage.
The eight-headed hydra bites you!
You die...

#....... ##....#..
#.......#
........#
........#
........#
.......F### ###
#.....D@..###.##
##.##..P......<#
...............#
.................#
...............###
..............##
###.####.....## ##
#.##### ###


You could see an eight-headed hydra and a spiny frog.

Vanquished Creatures
  Erolcha (D:9)
  A centaur skeleton (D:10)
  2 hornets (D:10)
  Grinder (D:5)
  Prince Ribbit (D:5)
  2 hippogriffs (D:8)
  A yak (D:8)
  A hungry ghost (D:7)
  A soldier ant (D:10)
  2 porcupines (D:8)
  A phantom (D:5)
  4 orc warriors
  An ice beast (D:10)
  A sky beast (D:8)
  A necrophage (D:6)
  2 ogres
  4 centaurs
  3 big kobolds
  5 bullfrogs
  A water moccasin zombie (D:8)
  A scorpion (D:8)
  5 killer bees (D:10)
  8 howler monkeys
  5 wights (D:8)
  A bullfrog zombie (D:8)
  2 jellies
  A quasit (D:8)
  A gnoll shaman (D:8)
  4 orc priests
  4 hounds
  7 orc wizards
  2 bullfrog skeletons
  5 iguanas
  Ijyb (D:5)
  9 worker ants
  A hound zombie (D:7)
  A hound skeleton (D:4)
  A worker ant zombie (D:7)
  12 gnolls
  A howler monkey skeleton (D:8)
  10 adders
  2 shadow imps
  4 oozes
  3 worms
  A dart slug (D:2)
  7 leopard geckos
  22 orcs
  7 bats
  A giant cockroach (D:5)
  6 goblins
  10 hobgoblins
  12 jackals
  9 frilled lizards
  14 kobolds
  A leopard gecko skeleton (D:4)
  A leopard gecko zombie (D:7)
  A quokka skeleton (D:7)
  3 rats
222 creatures vanquished.

Vanquished Creatures (others)
  A fungus (D:9)
1 creature vanquished.

Grand Total: 223 creatures vanquished

Notes
Turn   | Place    | Note
-------+----------+-------------------------------------------
     0 | D:1      | Emblim88 the Gnoll Fighter began the quest for the Orb.
     0 | D:1      | Reached XP level 1. HP: 23/23 MP: 1/1
   270 | D:1      | Reached XP level 2. HP: 29/29 MP: 2/2
   514 | D:1      | Reached XP level 3. HP: 34/35 MP: 3/3
   929 | D:2      | Reached skill level 1 in Invocations
   986 | D:2      | Found a snail-covered altar of Cheibriados.
  1005 | D:2      | Reached skill level 1 in Short Blades
  1005 | D:2      | Reached skill level 1 in Axes
  1005 | D:2      | Reached skill level 1 in Maces & Flails
  1005 | D:2      | Reached skill level 1 in Polearms
  1005 | D:2      | Reached skill level 1 in Staves
  1005 | D:2      | Reached skill level 1 in Slings
  1005 | D:2      | Reached skill level 1 in Bows
  1005 | D:2      | Reached skill level 1 in Crossbows
  1005 | D:2      | Reached skill level 1 in Throwing
  1005 | D:2      | Reached skill level 1 in Dodging
  1005 | D:2      | Reached skill level 1 in Stealth
  1005 | D:2      | Reached skill level 1 in Unarmed Combat
  1005 | D:2      | Reached skill level 1 in Spellcasting
  1005 | D:2      | Reached skill level 1 in Evocations
  1038 | D:2      | Reached XP level 4. HP: 37/41 MP: 5/5
  2098 | D:3      | Found a hide-covered altar of Uskayaw.
  2132 | D:3      | Became a worshipper of Uskayaw the Reveler
  2243 | D:3      | Reached * piety under Uskayaw
  2269 | D:3      | Reached skill level 1 in Conjurations
  2269 | D:3      | Reached skill level 1 in Hexes
  2269 | D:3      | Reached skill level 1 in Charms
  2269 | D:3      | Reached skill level 1 in Summonings
  2269 | D:3      | Reached skill level 1 in Necromancy
  2269 | D:3      | Reached skill level 1 in Translocations
  2269 | D:3      | Reached skill level 1 in Transmutations
  2269 | D:3      | Reached skill level 1 in Fire Magic
  2269 | D:3      | Reached skill level 1 in Ice Magic
  2269 | D:3      | Reached skill level 1 in Air Magic
  2269 | D:3      | Reached skill level 1 in Earth Magic
  2269 | D:3      | Reached skill level 1 in Poison Magic
  2297 | D:3      | Reached ** piety under Uskayaw
  2468 | D:3      | Reached XP level 5. HP: 47/47 MP: 5/7
  2961 | D:4      | Reached *** piety under Uskayaw
  3057 | D:4      | Reached XP level 6. HP: 52/53 MP: 8/8
  3167 | D:4      | You fall into a shaft and drop 2 floors!
  3187 | D:6      | Reached skill level 5 in Long Blades
  3366 | D:6      | Found a shimmering blue altar of Sif Muna.
  3584 | D:6      | Reached XP level 7. HP: 41/59 MP: 10/10
  3585 | D:6      | Reached **** piety under Uskayaw
  4250 | D:6      | Found a shadowy altar of Dithmenos.
  4250 | D:6      | Found a white marble altar of Elyvilon.
  4577 | D:5      | Entered Level 5 of the Dungeon
  4609 | D:5      | Reached ***** piety under Uskayaw
  4621 | D:5      | Noticed Ijyb
  4644 | D:5      | Killed Ijyb
  4644 | D:5      | Reached XP level 8. HP: 57/67 MP: 12/12
  4672 | D:5      | Found a staircase to the Ecumenical Temple.
  4773 | D:5      | Noticed Grinder
  4784 | D:5      | Paralysed by Grinder for 6 turns
  4797 | D:5      | Killed Grinder
  4819 | D:5      | Found a runed translucent door.
  4839 | D:5      | Found a basalt altar of Yredelemnul.
  4901 | D:5      | Found a basalt altar of Yredelemnul.
  4991 | D:5      | Noticed Prince Ribbit
  5031 | D:5      | Killed Prince Ribbit
  5109 | D:5      | Found Wunk's Antique Armour Boutique.
  5544 | D:7      | Reached XP level 9. HP: 66/72 MP: 14/14
  5704 | D:7      | Found a sparkling altar of Nemelex Xobeh.
  6100 | D:8      | Found Nuxick's Antique Weapon Boutique.
  6973 | D:8      | Reached skill level 5 in Invocations
  7368 | D:8      | Reached XP level 10. HP: 22/80 MP: 17/17
  7924 | D:9      | Noticed Erica
  8270 | D:9      | Reached skill level 5 in Short Blades
  8270 | D:9      | Reached skill level 5 in Axes
  8270 | D:9      | Reached skill level 5 in Maces & Flails
  8270 | D:9      | Reached skill level 5 in Polearms
  8270 | D:9      | Reached skill level 5 in Staves
  8270 | D:9      | Reached skill level 5 in Slings
  8270 | D:9      | Reached skill level 5 in Bows
  8270 | D:9      | Reached skill level 5 in Crossbows
  8270 | D:9      | Reached skill level 5 in Throwing
  8270 | D:9      | Reached skill level 5 in Dodging
  8270 | D:9      | Reached skill level 5 in Stealth
  8270 | D:9      | Reached skill level 5 in Unarmed Combat
  8270 | D:9      | Reached skill level 5 in Spellcasting
  8270 | D:9      | Reached skill level 5 in Evocations
  8279 | D:9      | Reached ****** piety under Uskayaw
  8973 | D:9      | Noticed Erolcha
  9007 | D:9      | Killed Erolcha
  9359 | D:9      | Found a staircase to the Lair.
  9487 | D:9      | Found an ornate altar of the Wu Jian Council.
  9491 | D:9      | Found a shattered altar of Ashenzari.
  9541 | D:10     | Entered Level 10 of the Dungeon
 10624 | D:10     | Reached XP level 11. HP: 48/87 MP: 19/19
 11353 | Lair:1   | Entered Level 1 of the Lair of Beasts
 11361 | Lair:1   | Noticed a six-headed hydra
 11368 | Lair:1   | HP: 3/87 [eight-headed hydra (7)]
 11368 | Lair:1   | Mangled by an eight-headed hydra

Levels and vault maps discovered:
D:1:      heliophobic_arrival_ceremonial_halls, layout_loops_corners,
          minmay_pentomino_r2
D:2:      layout_basic, lemuel_doored_altar, serial_forest,
          infiniplex_forest_join, infiniplex_forest_straight_4,
          infiniplex_forest_clump_diagonal, infiniplex_forest_straight_4,
          infiniplex_forest_lined_2, infiniplex_forest_zigzag_2, first_ration
D:3:      layout_loops_ring, eat_drink_and_be_merry_uskayaw
D:4:      layout_rooms
D:5:      layout_basic, kennysheep_little_box, minmay_temple_entry_ruins,
          serial_shops, shop, dk_yredelemnul_ordeal, uniq_grinder, uniq_ijyb,
          uniq_prince_ribbit1
D:6:      layout_basic, kennysheep_mini, amethyst_overflow_temple_binary,
          serial_corexii_hall, corexii_hall_statues_x, corexii_hall_statues_u,
          serial_bayou_crossing
D:7:      layout_loops_ring, nemelex_xobeh_ov_fountains_minmay
D:8:      layout_loops_corners, serial_shops, nicolae_shop_trees
D:9:      layout_cave_pools, nicolae_overflow_hidden_temple,
          grunt_lair_entry_orc_guard_hut, uniq_erica, uniq_erolcha
D:10:     layout_layer_cave, hangedman_pestilent_swarm, chequers_garden,
          eino_small_chamber_without_monster
Lair:1:   layout_gridlike, enter_volcano_3, serial_bayou_shore_a, uniq_nergalle

Skill      XL: |  1  2  3  4  5  6  7  8  9 10 |
---------------+-------------------------------+-----
Invocations    | 1 2 3 4 5 6 |  6.3
Short Blades   | 1 2 3 4 5 |  5.7
Axes           | 1 2 3 4 5 |  5.7
Maces & Flails | 1 2 3 4 5 |  5.7
Polearms       | 1 2 3 4 5 |  5.7
Staves         | 1 2 3 4 5 |  5.7
Slings         | 1 2 3 4 5 |  5.7
Bows           | 1 2 3 4 5 |  5.7
Crossbows      | 1 2 3 4 5 |  5.7
Throwing       | 1 2 3 4 5 |  5.7
Dodging        | 1 2 3 4 5 |  5.7
Stealth        | 1 2 3 4 5 |  5.7
Unarmed Combat | 1 2 3 4 5 |  5.7
Spellcasting   | 1 2 3 4 5 |  5.7
Evocations     | 1 2 3 4 5 |  5.7
Conjurations   | 1 2 3 4 |  4.7
Hexes          | 1 2 3 4 |  4.7
Charms         | 1 2 3 4 |  4.7
Summonings     | 1 2 3 4 |  4.7
Necromancy     | 1 2 3 4 |  4.7
Translocations | 1 2 3 4 |  4.7
Transmutations | 1 2 3 4 |  4.7
Fire Magic     | 1 2 3 4 |  4.7
Ice Magic      | 1 2 3 4 |  4.7
Air Magic      | 1 2 3 4 |  4.7
Earth Magic    | 1 2 3 4 |  4.7
Poison Magic   | 1 2 3 4 |  4.7
Long Blades    | 5 6 7 |  7.4
Fighting       | 7 8 |  8.8
Armour         | 7 8 |  8.8
Shields        | 7 8 |  8.8

Action                   |  1- 3 |  4- 6 |  7- 9 | 10-12 || total
-------------------------+-------+-------+-------+-------++-------
Melee: Long sword        |    85 |   192 |   415 |   132 ||   824
       Bite              |    10 |    28 |    56 |    40 ||   134
       Halberd           |       |       |       |    87 ||    87
       Morningstar       |       |       |       |     1 ||     1
Throw: Dart              |       |       |       |    12 ||    12
Evoke: Wand              |       |       |     1 |     5 ||     6
  Use: Scroll            |       |       |     6 |     1 ||     7
       Potion            |       |       |     2 |     6 ||     8
 Stab: Paralysed         |       |     3 |    10 |     6 ||    19
       Sleeping          |       |       |       |     4 ||     4
  Eat: Chunk             |     1 |     8 |     7 |     8 ||    24
       Ration            |       |       |     3 |     2 ||     5
Armor: Scale mail        |    26 |     5 |       |       ||    31
       Chain mail        |       |    95 |     7 |       ||   102
       Plate armour      |       |       |   198 |   113 ||   311
       Ring mail         |       |       |       |    41 ||    41
       Skin              |       |       |       |     2 ||     2
Dodge: Dodged            |    18 |    45 |   112 |   166 ||   341
Block: Kite shield       |    41 |   108 |   274 |   132 ||   555
       Rpst.: Long sword |     5 |    17 |    29 |    14 ||    65

Table legend:
 A = Non-vault XP
 B = Vault XP
 C = Vault XP percentage of total XP
 D = Non-vault monster count
 E = Vault monster count
 F = Vault count percentage of total count
                 A         B        C        D         E       F
            +---------+---------+-------+---------+---------+-------
      Total |    6443 |    3117 |  32.6 |     208 |      14 |   6.3
            +---------+---------+-------+---------+---------+-------
        D:1 |      40 |       1 |   2.4 |      18 |       1 |   5.3
        D:2 |      49 |       0 |   0.0 |      16 |       0 |   0.0
        D:3 |     110 |       0 |   0.0 |      25 |       0 |   0.0
        D:4 |     214 |       0 |   0.0 |      12 |       0 |   0.0
        D:5 |     286 |     596 |  67.6 |      13 |       3 |  18.8
        D:6 |     677 |       0 |   0.0 |      17 |       0 |   0.0
        D:7 |    1137 |       0 |   0.0 |      32 |       0 |   0.0
        D:8 |    2120 |     628 |  22.9 |      42 |       4 |   8.7
        D:9 |     235 |    1118 |  82.6 |      10 |       2 |  16.7
       D:10 |    1491 |     774 |  34.2 |      22 |       4 |  15.4
     Lair:1 |      84 |       0 |   0.0 |       1 |       0 |   0.0
            +---------+---------+-------+---------+---------+-------
